 Dungeon Crawl Stone Soup version 0.27.0-1-g7a089689b8 (webtiles) character file.

Game seed: 15397034244423720712

82 Strat the Covered (level 4, -3/40 HPs)
             Began as a Minotaur Fighter on Aug 13, 2021.
             Slain by Sigmund (4 damage)
             ... on level 3 of the Dungeon.
             The game lasted 00:03:00 (580 turns).

Strat the Covered (Minotaur Fighter)                 Turns: 580, Time: 00:03:01

Health: -3/40      AC:  7    Str: 22    XL:     4   Next: 21%
Magic:  3/3        EV:  7    Int:  5    God:
Gold:   39         SH:  9    Dex:  9    Spells: 3/3 levels left

rFire    . . .     SeeInvis .   a - +0 war axe
rCold    . . .     Faith    .   c - +0 kite shield
rNeg     . . .     Spirit   .   b - +0 scale mail
rPois    .         Reflect  .   (helmet restricted)
rElec    .         Harm     .   (no cloak)
rCorr    .         Rampage  .   (no gloves)
Will     .....                  (no boots)
Stlth    ..........             (no amulet)
HPRegen  0.13/turn              (no ring)
MPRegen  0.08/turn              (no ring)

@: no status effects
A: horns 2, retaliatory headbutt
a: no special abilities


You were on level 3 of the Dungeon.
You visited 1 branch of the dungeon, and saw 3 of its levels.

You collected 39 gold pieces.

Inventory:

Hand Weapons
 a - a +0 war axe (weapon)
 m - a +0 morningstar
Missiles
 h - 19 stones (quivered)
Armour
 b - a +0 scale mail (worn)
 c - a +0 kite shield (worn)
Scrolls
 e - a scroll of enchant armour {unknown}
 f - a scroll of holy word {unknown}
 i - a scroll of torment {unknown}
 j - a scroll of fear {unknown}
Potions
 d - a potion of might
 g - a potion of heal wounds
 k - a potion of magic {unknown}
 l - a potion of attraction {unknown}


   Skills:
 + Level 4.2 Fighting
 * Level 3.9 Axes
 + Level 4.2 Armour
 + Level 4.2 Shields


You had 3 spell levels left.
You didn't know any spells.
Your spell library was empty.

Dungeon Overview and Level Annotations

Branches:
Dungeon (3/15)

Altars:

Annotations:
D:3 Sigmund


Innate Abilities, Weirdness & Mutations

You have a pair of horns on your head.
You reflexively headbutt those who attack you in melee.


Message History

You barely miss the goblin. Your headbutt misses the goblin.
The goblin hits you with a +0 club. You block the goblin's attack.
You completely miss the goblin. You block the goblin's attack.
You hit the goblin but do no damage. The goblin hits you with a +0 club.
The goblin barely misses you.
You barely miss the goblin. You block the goblin's attack.
You barely miss the goblin.
You headbutt the goblin, but do no damage.
The goblin hits you with a +0 club.
* * * LOW HITPOINT WARNING * * *
You block the goblin's attack.
You closely miss the goblin. The goblin hits you but does no damage.
You closely miss the goblin. Your headbutt misses the goblin.
The goblin hits you with a +0 club.
* * * LOW HITPOINT WARNING * * *
You block the goblin's attack.
You slash the goblin!
You kill the goblin!
You slash the goblin!
You kill the goblin!
Something hits you but does no damage. Something hits you!
* * * LOW HITPOINT WARNING * * *
Things that are here:
a +0 dagger; a +0 club; a goblin corpse You miss something.
You hear some strange, mumbled words.
Something tries to affect you, but you resist.
You closely miss something.
You hear some strange, mumbled words.
A puff of flame appears from out of thin air!
The puff of flame hits you.
* * * LOW HITPOINT WARNING * * *
Something hits you.
* * * LOW HITPOINT WARNING * * *
Your scale mail prevents you from hitting something.
Something hits you!
* * * LOW HITPOINT WARNING * * *
You closely miss something. Something hits you.
You die...

# ####. ... ... ...
.# #.# #..# .# #.#
#..##.## . #.#
#..#...###.# #.#
#..#......... #@#
#..#........# #{#
#..#...#.#.#
###)###..........##
#........#.#>.....#
###..###.#.#......#
#..# #.#.#..##.#
#..###.#.....o.###
#.)....#..<....o.#
##.##....#........


There were no monsters in sight!

Vanquished Creatures
  An orc wizard (D:3)
  2 dart slugs (D:2)
  4 orcs (D:3)
  4 ball pythons
  2 bats (D:1)
  4 endoplasms
  3 giant cockroaches
  8 goblins
  3 hobgoblins
  4 jackals (D:2)
  3 quokkas
  2 kobolds
  A rat (D:2)
41 creatures vanquished.

Notes
Turn   | Place    | Note
-------+----------+-------------------------------------------
     0 | D:1      | Strat the Minotaur Fighter began the quest for the Orb.
     0 | D:1      | Reached XP level 1. HP: 19/19 MP: 0/0
    49 | D:1      | Reached XP level 2. HP: 15/27 MP: 1/1
   227 | D:2      | Reached XP level 3. HP: 13/33 MP: 2/2
   532 | D:3      | Noticed Sigmund
   556 | D:3      | Reached XP level 4. HP: 31/40 MP: 3/3
   579 | D:3      | HP: 1/40 [something (7)]
   580 | D:3      | Slain by Sigmund

Illustrated notes

Levels and vault maps discovered:
D:1:      erik_arrival_cave_to_civilisation [erik_arrival_cave_to_hall],
          layout_basic
D:2:      layout_basic, shapermc_ecumenical_altar_ellora, basic_altar
D:3:      layout_basic, chequers_big_river, uniq_sigmund, uniq_natasha,
          uniq_robin

Skill      XL: |  1  2  3 |
---------------+----------+-----
Axes           | 3 |  3.9
Fighting       | 4 |  4.2
Armour         | 4 |  4.2
Shields        | 4 |  4.2

Action                   |  1- 3 |  4- 6 || total
-------------------------+-------+-------++-------
Melee: War axe           |    91 |    13 ||   104
       Headbutt          |    10 |     1 ||    11
  Use: Scroll            |     1 |       ||     1
Armor: Scale mail        |    41 |     3 ||    44
Dodge: Dodged            |    41 |     1 ||    42
Block: Kite shield       |    53 |     5 ||    58
